[Event "BL Meisterschaftsturnier 2020"]
[Site "Karlsruhe"]
[Date "2020.09.16"]
[Round "1.16"]
[White "Rudolf, Henrik"]
[Black "Lamby, Philipp"]
[Result "1/2-1/2"]
[ECO "C77"]
[WhiteElo "2295"]
[BlackElo "2130"]
[Annotator "NA RC"]
[PlyCount "68"]
[EventDate "2020.09.16"]
[EventType "team-tourn"]
[EventCountry "GER"]
[SourceTitle "playchess.com"]
[Source "ChessBase"]
[SourceQuality "1"]
[WhiteTeam "SF Berlin"]
[BlackTeam "Aachen"]
[TimeControl "40/5400+30:1800+30"]

1. e4 e5 2. Nf3 Nc6 3. Bb5 a6 4. Ba4 Nf6 5. d3 b5 6. Bb3 Bc5 7. O-O d6 8. c3 Bb6 9. Re1 h6 10. h3 O-O 11. a4 Bd7 12. Nbd2 Ne7 13. Nf1 Ng6 14. Ng3 Qc8 15. d4 Bxh3 (15... Rd8 $14) 16. gxh3 Qxh3 17. Qd3 exd4 18. cxd4 Ne5 $16 19. Nxe5 dxe5 20. Qf1 Qxf1+ 21. Kxf1 exd4 22. e5 Nh7 23. axb5 axb5 24. Rxa8 Rxa8 25. e6 fxe6 26. Rxe6 Kh8 27. Kg2 d3 28. Ne4 Ba5 29. Bf4 Nf8 30. Rc6 Re8 31. f3 Kh7 32. Ra6 Bb6 33. Bd2 Ne6 34. Ra1 Nd4 1/2-1/2